 Dungeon Crawl Stone Soup version 0.23.0-3-gf3c87f2 (webtiles) character file.

Game seed: 3912295520317071600

108 zishaf the Shooter (level 5, -6/41 HPs)
             Began as a Human Wanderer on Feb 20, 2019.
             Mangled by Natasha (7 damage)
             ... on level 1 of the Dungeon.
             The game lasted 00:05:19 (2200 turns).

zishaf the Shooter (Human Wanderer)                 Turns: 2200, Time: 00:05:19

Health: -6/41      AC:  4    Str: 11    XL:     5   Next: 12%
Magic:  5/5        EV: 12    Int: 15    God:
Gold:   77         SH:  0    Dex: 12    Spells: 4/4 levels left

rFire    + . .     SeeInvis .   b - +1 dagger (venom)
rCold    . . .     Gourm    .   (no shield)
rNeg     . . .     Faith    .   h - +0 leather armour
rPois    .         Spirit   .   o - +0 helmet
rElec    .         Reflect  .   (no cloak)
rCorr    .         Harm     .   (no gloves)
MR       .....                  (no boots)
Stlth    +.........             (no amulet)
HPRegen  0.13/turn              l - ring of protection from fire
MPRegen  0.09/turn              (no ring)

@: lethally poisoned (-6 -> -7)
A: no striking features
a: no special abilities


You were on level 1 of the Dungeon.
You were very hungry.

You visited 1 branch of the dungeon, and saw 2 of its levels.

You collected 77 gold pieces.

Inventory:

Hand Weapons
 a - a +0 shortbow
 b - a +1 dagger of venom (weapon)
 w - a +2 blowgun
Missiles
 d - a curare-tipped needle
 e - 27 arrows
 i - 51 stones (quivered)
 n - 17 poisoned needles
Armour
 h - a +0 leather armour (worn)
 o - a +0 helmet (worn)
Jewellery
 l - a ring of protection from fire (left hand)
Scrolls
 c - a scroll of enchant weapon {unknown}
 f - a scroll of fog {unknown}
 k - 2 scrolls of magic mapping {unknown}
 m - a scroll of remove curse {unknown}
Comestibles
 g - 3 rations


   Skills:
 + Level 3.0 Fighting
 + Level 4.4 Bows
 - Level 1.0 Throwing
 + Level 2.3 Armour
 + Level 2.3 Dodging
 - Level 1.0 Stealth


You had 4 spell levels left.
You didn't know any spells.
Your spell library was empty.

Dungeon Overview and Level Annotations

Branches:
Dungeon (2/15)

Altars:

Annotations:
D:1 Natasha


Message History

The adder bites you.
* * * LOW HITPOINT WARNING * * *
The crimson imp blinks!
The adder bites you but does no damage.
The crimson imp blinks!
You hit the adder.
The adder is almost dead.
The adder bites you but does no damage.
You hit the adder but do no damage.
The adder is almost dead.
The adder closely misses you.
The crimson imp blinks!
You hit the adder.
You kill the adder!
You feel sick. Natasha claws you.
* * * LOW HITPOINT WARNING * * *
It was a potion of magic.
Magic courses through your body. Natasha casts a spell at you.
The magic dart hits you.
* * * LOW HITPOINT WARNING * * *
You barely miss Natasha. Natasha claws you!
You die...

.....# #.#######'#######
#.## .....#
#.##............# #.##
.....# #.##............#
#...
.....###.##..).........#####
####
.........)........>........#
.....###.##.####5#.#######.#
....####.##.....5..# #.#
....'.##.##.####h#########.#
....#.##.##.####@##≈≈≈≈≈##.#
.####.##.##.##...##♣≈≈≈♣##.#
.# #.##.##.##.#####♣≈♣###.#
.####....##.##.###.##≈##.#.#
.................#..'≈'.<#.#
.##.........##.#.#.##≈##.#.#
.##.##########.#.###♣≈P###.#
.##.# #.#.##♣≈≈≈♣##.## .##.#
#.#.##≈≈≈≈≈##..#


You could see Natasha and 2 crimson imps.

Vanquished Creatures
  Natasha (D:2)
  Robin (D:1)
  An adder (D:1)
  A worm (D:2)
  3 dart slugs (D:1)
  3 leopard geckos (D:1)
  11 goblins
  6 hobgoblins
  3 jackals
  3 bats
  2 frilled lizards
  7 kobolds
  8 rats
50 creatures vanquished.

Notes
Turn   | Place    | Note
-------+----------+-------------------------------------------
     0 | D:1      | zishaf the Human Wanderer began the quest for the Orb.
     0 | D:1      | zishaf set off with the following items: a curare-tipped
                  | needle, a +2 blowgun, a +0 short sword, a +0 shortbow, 22
                  | arrows, a +0 robe, a ration
     0 | D:1      | Reached XP level 1. HP: 16/16 MP: 1/1
   405 | D:1      | Reached XP level 2. HP: 3/22 MP: 2/2
   938 | D:1      | Reached XP level 3. HP: 28/28 MP: 3/3
  1568 | D:2      | Noticed Natasha
  1575 | D:2      | Killed Natasha
  1575 | D:2      | Reached XP level 4. HP: 25/34 MP: 4/4
  1818 | D:2      | Noticed Robin
  1866 | D:1      | Killed Robin
  2069 | D:2      | Reached XP level 5. HP: 31/41 MP: 5/5
  2168 | D:2      | Noticed Natasha
  2199 | D:1      | HP: 1/41 [Natasha/magic dart (4)]
  2200 | D:1      | Mangled by Natasha

Skill      XL: |  1  2  3  4 |
---------------+-------------+-----
Armour         | 2 |  2.3
Dodging        | 2 |  2.3
Fighting       | 3 |  3.0
Bows           | |  4.4
Throwing       | |  1.0
Stealth        | |  1.0

Action                   |  1- 3 |  4- 6 || total
-------------------------+-------+-------++-------
Melee: Short sword       |    75 |    55 ||   130
       Dagger            |       |    11 ||    11
 Fire: Shortbow          |    43 |    34 ||    77
       Blowgun           |     1 |     1 ||     2
  Use: Potion            |       |     1 ||     1
 Stab: Sleeping          |     1 |       ||     1
  Eat: Chunk             |     2 |     1 ||     3
Armor: Robe              |     5 |       ||     5
       Leather armour    |    29 |    28 ||    57
Dodge: Dodged            |    67 |    46 ||   113
